 Dungeon Crawl Stone Soup version 0.32-a0-411-g744942f433 (webtiles) character file.

Game seed: 17073368066957614020

4 shadowstone the Ruffian (level 1, -1/13 HPs)
             Began as an Octopode Shapeshifter on Feb 20, 2024.
             Slain by a jackal (2 damage)
             ... on level 1 of the Dungeon.
             The game lasted 00:00:57 (114 turns).

shadowstone the Ruffian (Octopode Shapeshifter)      Turns: 114, Time: 00:00:58

Health: -1/13      AC:  1    Str: 13    XL:     1   Next: 60%
Magic:  1/1        EV: 13    Int: 12    God:
Gold:   2          SH:  0    Dex: 11    Spells: 0/0 levels left

rFire   . .          .
                       - Unarmed
rCold   . . .        (no shield)
rNeg    . . .        (helmet currently unavailable)
rPois   .            (no amulet)
rElec   .            (no ring)
rCorr   .            (no ring)
SInv    .            (no ring)
Will    .....        (no ring)
Stlth   ++           (no ring)
HPRegen 0.22/turn    (no ring)
MPRegen 0.07/turn    (no ring)
                     (no ring)

%: no passive effects
@: beast-form
A: beast (slay +1), almost no armour, amphibious, 8 rings, camouflage 1,
gelatinous body 1, (nimble swimmer 1), tentacles
a: Begin Untransformation


You were on level 1 of the Dungeon.
You were a hulking beast.
You visited 1 branch of the dungeon, and saw 1 of its levels.

You collected 2 gold pieces.

Inventory:

Talismans
 b - a beast talisman (active)
 c - a flux talisman
Scrolls
 d - a scroll of vulnerability {unknown}
 e - a scroll of identify {unknown}
Potions
 a - a potion of lignification


   Skills:
 + Level 1.0 Fighting
 + Level 2.1 Dodging
 + Level 3.1 Unarmed Combat
 + Level 3.0 Shapeshifting


You couldn't memorise any spells.
You didn't know any spells.
Your spell library was empty.

Dungeon Overview and Level Annotations

Branches:
Dungeon (1/15)

Altars:


Innate Abilities, Weirdness & Mutations

You are a hulking beast.
Your limbs bulge with bestial killing power. (Slay +1)
You cannot wear most types of armour.
You are amphibious.
You can wear up to eight rings at the same time.
Your skin changes colour to match your surroundings (Stealth+).
Your rubbery body absorbs attacks. (AC +1, EV +1)
((You are camouflaged when in or above water. (Stealth+)))
You have tentacles for arms and can constrict up to eight enemies at once.


Message History

You see here a rat corpse.
Found a hand axe.
Found 2 gold pieces.
d - a scroll labelled WUOTIRHAJIU
Found a stone staircase leading down.
e - a scroll labelled GEPTUL TAR You now have 2 gold pieces.
A frilled lizard comes into view.
The frilled lizard hisses angrily.
You hear a bark! x2
A jackal comes into view.
A jackal comes into view.
A jackal comes into view.
The frilled lizard barely misses you.
Found a robe.
A frilled lizard comes into view.
The frilled lizard bites you.
A jackal comes into view.
The frilled lizard hisses angrily.
The jackal barks! x2
You tentacle-slap the frilled lizard.
You kill the frilled lizard!
The jackal closely misses you. The jackal misses you.
The jackal barely misses you. x2
You see here a frilled lizard corpse.
The jackal closely misses you. x2; The jackal attacks as it pursues you!
The jackal closely misses you. The jackal barely misses you.
The jackal bites you.
You completely miss the jackal. Your grab misses the jackal.
The jackal barely misses you.
The jackal bites you but does no damage.
The jackal bites you. The jackal misses you. The jackal bites you.
You barely miss the jackal. You grab the jackal. You constrict the jackal.
The jackal bites you. The jackal closely misses you. The jackal bites you.
* * * LOW HITPOINT WARNING * * *
The jackal bites you.
* * * LOW HITPOINT WARNING * * *
You bludgeon the jackal!
You kill the jackal!
The jackal misses you. x2; The jackal closely misses you.
The frilled lizard barely misses you. The jackal bites you.
You die...

#..........# #......
#..........### #......
##...........# #..##..
###...)........# #..##..
#............##♣♣#......
#............## .#......
#.............# #......
###..........###♣#......
##..†hh..>...#♣#......
......hlh....### #......
..........#### #..##..
...........# ###..##..
...........# #⌠.......
.......^.... #⌠.......
...........#. #######''
.......[.....# #.. #.<


You could see 3 jackals and a frilled lizard.

Vanquished Creatures
  A jackal (D:1)
  A ball python (D:1)
  A frilled lizard (D:1)
  A rat (D:1)
4 creatures vanquished.

Notes
Turn   | Place    | Note
-------+----------+-------------------------------------------
     0 | D:1      | shadowstone the Octopode Shapeshifter began the quest for
                  | the Orb.
     0 | D:1      | Reached XP level 1. HP: 13/13 MP: 1/1
    48 | D:1      | Found a faded altar of an unknown god.
   114 | D:1      | Slain by a jackal

Illustrated notes

Levels and vault maps discovered:
D:1:      beargit_arrival_diablo_church, layout_rooms, basic_ecumenical_altar,
          minmay_statues_item

Action                     || total
---------------------------++-------
  Melee: Unarmed           ||     6
         Constrict         ||     2
 Armour: Skin              ||    11
  Dodge: Dodged            ||    16

Table legend: (Time is in decaauts)
 A = Elapsed time spent in this place.
 B = Non-inter-level travel time spent in this place.
 C = Inter-level travel time spent in this place.
 D = Time resting spent in this place.
 E = Time spent auto-exploring this place.
 F = Levels seen in this place.
 G = Mean time per level.
                   A        B        C        D        E       F      G
               +--------+--------+--------+--------+--------+-----+--------+
         Total |    113 |    109 |      4 |      0 |     40 |   1 |  113.0 |
       Dungeon |    113 |    109 |      4 |      0 |     40 |   1 |  113.0 |
               +--------+--------+--------+--------+--------+-----+--------+

Top non-repeatable levels by time:
     D:1: 113 daAuts
